AoeStats
← Chris

Nomad

506992272Analyzed
4v4 RM · 16d ago on Sep 16, 2026· 35m 15s· 8 players
Game mode
Random Map
Map size
231×231
Population
200
Speed
Normal
Resources
Standard
Victory
Conquest
Starting age
Dark Age
Ending age
Imperial Age
RankedLock teamsTeams togetherTeam positionsShared explorationLock speedFull tech treeHidden civsTurbo modeCheats
Victory
Defeat
🇲🇽 Berbers · Mexico
1444
+11
🇮🇳 Khmer · India
1385
+13
🇷🇺 Bohemians · Russia
1382
+13
🇨🇳 Tatars · China
1341
+14
🇻🇳 Vietnamese · Vietnam
1357
-14
🇲🇽 Italians · Mexico
1357
-14
🇺🇸 Bulgarians · United States
1302
-12
🇲🇽 Chinese · Mexico
1280
-11
Watermelon
6:03 Loom
12:13 Feudal Age
14:40 Fletching
15:22 Town Watch
19:08 Horse Collar
20:33 Padded Archer Armor
24:27 Castle Age
24:06 Double-Bit Axe
24:34 Crossbowman
25:10 Bodkin Arrow
25:31 Leather Archer Armor
26:05 Bow Saw
35:25 Imperial Age
33:41 Ballistics
Man Pig Bear
7:41 Loom
14:20 Feudal Age
17:20 Castle Age
18:03 Double-Bit Axe
19:09 Scale Barding Armor
19:51 Forging
20:10 Bow Saw
21:16 Horse Collar
25:15 Medium Warships
28:17 Fishing Lines
29:28 Town Watch
30:19 Wheelbarrow
Faith
5:13 Loom
14:04 Feudal Age
17:38 Castle Age
15:36 Double-Bit Axe
19:39 Bow Saw
22:09 Horse Collar
27:14 Wheelbarrow
27:07 Gold Mining
28:00 Stone Mining
28:16 Heavy Plow
30:22 Gold Shaft Mining
33:12 Imperial Age
31:44 Hand Cart
31:22 Town Watch
32:58 Forging
32:53 Scale Barding Armor
33:58 Bloodlines
33:49 Husbandry
34:13 Conscription
33:15 Capped Ram
34:07 Elite Keshik
El Papá
4:44 Loom
13:11 Feudal Age
13:42 Double-Bit Axe
14:23 Fishing Lines
18:14 Castle Age
17:27 Gold Mining
19:10 Medium Warships
19:32 Bow Saw
19:43 Fletching
21:41 Bodkin Arrow
28:05 Stone Mining
28:11 Horse Collar
29:41 Wheelbarrow
30:16 Padded Archer Armor
31:33 Ballistics
34:02 Imperial Age
32:04 Kasbah
33:28 Bloodlines
33:19 Husbandry
34:03 Leather Archer Armor
34:07 Thumb Ring
34:48 Bracer
34:49 Town Watch
:) Regresa rocha moya
3:23 Loom
13:23 Feudal Age
16:53 Wheelbarrow
16:03 Town Watch
17:04 Fletching
17:25 Forging
18:57 Fishing Lines
25:35 Castle Age
23:35 Double-Bit Axe
26:25 Bodkin Arrow
27:48 Careening
27:48 Clinker Construction
28:20 Medium Warships
28:00 Gillnets
31:14 Ballistics
31:45 Gold Mining
31:45 Stone Mining
:) YO30830
5:31 Loom
15:42 Feudal Age
16:27 Double-Bit Axe
19:32 Fishing Lines
23:53 Castle Age
21:51 Fletching
25:16 Medium Warships
25:44 Bodkin Arrow
27:30 Gillnets
Chris
4:40 Loom
13:06 Feudal Age
14:05 Town Watch
14:55 Wheelbarrow
14:15 Arson
22:12 Castle Age
22:04 Scale Mail Armor
22:48 Horse Collar
23:19 Fletching
Giong
3:32 Loom
13:18 Feudal Age
18:16 Castle Age
16:39 Double-Bit Axe
16:42 Horse Collar
19:33 Bow Saw
19:33 Heavy Plow
19:45 Gold Mining
19:46 Stone Mining
22:54 Fletching
25:11 Stone Shaft Mining
25:44 Fishing Lines
28:42 Wheelbarrow
28:05 Gillnets
34:08 Imperial Age
33:13 Scale Barding Armor
33:18 Forging
34:18 Chain Barding Armor
34:01 Husbandry
34:13 Bloodlines
35:01 Elite Battle Elephant
Connection lost

Rejoining the realm…

Still unreachable

The connection could not be restored.

Session expired

The server has moved on; the page needs a fresh start.